 Seeded DCSS version 0.30-a0-719-gcc4359ea44 (webtiles) character file.

Game seed: 905864180322077160 (custom seed)

401 hikkokomori the Shooter (level 7, -2/50 (56) HPs)
             Began as a Formicid Hunter on Jan 27, 2023.
             Slain by Blork the orc
             ... wielding a +1 flail of draining
              (3 damage)
             ... on level 4 of the Dungeon.
             The game lasted 00:04:50 (3181 turns).

hikkokomori the Shooter (Formicid Hunter)           Turns: 3181, Time: 00:04:51

HP:   -2/50 (56)    AC:  4    Str: 18    XL:     7   Next: 11%
MP:   7/7           EV: 13    Int:  8    God:
Gold: 177           SH:  0    Dex: 17    Spells: 6/6 levels left

rFire   . . .      SeeInvis +    a - +0 shortbow
rCold   . . .      Faith    .    (no shield)
rNeg    . . .      Spirit   .    c - +0 leather armour
rPois   .          Reflect  .    (helmet unavailable)
rElec   .          Harm     .    p - +0 cloak
rCorr   .          Rampage  .    (no gloves)
Will    .....                    (no boots)
Stlth   ++                       (no amulet)
HPRegen 0.28/turn                (no ring)
MPRegen 0.10/turn                (no ring)

@: mighty, heavily drained
A: permanent stasis, dig shafts and tunnels, antennae 3, four strong arms
a: Dig, Shaft Self


You were on level 4 of the Dungeon.
You visited 1 branch of the dungeon, and saw 4 of its levels.

You collected 177 gold pieces.

Inventory:

Hand Weapons
 a - a +0 shortbow (weapon)
Armour
 c - a +0 leather armour (worn)
 p - a +0 cloak (worn)
Scrolls
 b - a scroll of immolation
 e - a scroll of vulnerability {unknown}
 f - 4 scrolls of teleportation
 i - a scroll of amnesia {unknown}
 k - 2 scrolls of silence {unknown}
 m - a scroll of enchant armour {unknown}
 o - a scroll of noise {unknown}
 s - a scroll of identify
Potions
 d - 4 potions of curing
 g - a potion of flight {unknown}
 h - a potion of magic
 j - a potion of might
 l - a potion of haste {unknown}
 n - a potion of attraction {unknown}
 q - a potion of resistance {unknown}
 r - a potion of berserk rage {unknown}


   Skills:
 + Level 5.0 Fighting
 + Level 5.7 Ranged Weapons
 - Level 3.5 Dodging
 - Level 1.2 Stealth


You had 6 spell levels left.
You didn't know any spells.
Your spell library contained the following spells:

 Spells                   Type           Power      Damage    Failure   Level
 Magic Dart               Conj           0%         1d3       45%         1
 Cigotuvi's Dreadful Rot  Necr/Pois/Air  0%         N/A       61%         2
 Searing Ray              Conj           0%         2d4       61%         2
 Dispel Undead            Necr           0%         3d6       99%         4
 Fulminant Prism          Conj/Hex       0%         3d5       99%         4
 Death Channel            Necr           0%         N/A       100%        6


Dungeon Overview and Level Annotations

Branches:
Dungeon (4/15)
 Temple: D:4-7

Altars:

Shops:
D:1 *

Annotations:
D:2 1 runed translucent door, Crazy Yiuf
D:4 Blork the orc


Innate Abilities, Weirdness & Mutations

You cannot be hasted, slowed, berserked, paralysed or teleported.
You can dig through walls and to a lower floor.
You have a pair of large antennae on your head. (SInv)
Your four strong arms can wield two-handed weapons with a shield.


Message History

You shoot an arrow.
The arrow hits Natasha but does no damage.
Natasha is severely wounded.
Blork the orc roars loudly, as Orcs often do.
Natasha casts a spell at you. The magic dart hits you. Natasha misses you.
You shoot an arrow. The arrow hits Natasha!
You kill Natasha!
Natasha screams in fury as she dies!
Blork the orc barely misses you.
Your Fighting skill increases to level 5!
You shoot an arrow. The arrow barely misses Blork the orc.
Blork the orc hits you with a +1 flail of draining!
You feel drained.
Blork the orc hits you with a +1 flail of draining!
You feel drained.
You are too injured to fight recklessly!
You are too injured to fight recklessly!
You are too injured to fight recklessly!
You are too injured to fight recklessly!
You are too injured to fight recklessly!
You are too injured to fight recklessly!
You are too injured to fight recklessly!
You are too injured to fight recklessly!
You are too injured to fight recklessly!
You are too injured to fight recklessly!
You are too injured to fight recklessly!
You are too injured to fight recklessly!
As you read the scroll labelled QYRPHE SYDAGA, it crumbles to dust.
You feel a strange sense of stasis.
It was a scroll of teleportation.
Blork the orc misses you.
Okay, then.
It was a potion of might.
You feel very mighty all of a sudden.
Blork the orc hits you with a +1 flail of draining!
* * * LOW HITPOINT WARNING * * *
You feel drained.
* * * LOW HITPOINT WARNING * * *
Blork the orc hits you with a +1 flail of draining.
You die...

#.. #.# #.# #
#.# . . #.#
.##.. ####.#
##..... #....#
.......
#....##o..8...
#.....@...#
#|...#....#
#....#....#
###>......#
#.##....#
#†##....#
#.##)...#
#.##...## #.#


You could see Blork the orc (fast).

Vanquished Creatures
  A centaur (D:3)
  A phantom (D:4)
  3 orc wizards
  Natasha (twice) (D:4)
  2 adders (D:3)
  An ufetubus (D:4)
  2 worms
  A dart slug (D:4)
  8 orcs
  5 ball pythons
  4 endoplasms (D:1)
  3 giant cockroaches
  7 goblins
  4 hobgoblins
  4 kobolds
  3 quokkas (D:1)
  4 bats
  4 frilled lizards
  2 rats
61 creatures vanquished.

Vanquished Creatures (others)
  An orc wizard (D:4)
1 creature vanquished.

Grand Total: 62 creatures vanquished

Notes
Turn   | Place    | Note
-------+----------+-------------------------------------------
     0 | D:1      | hikkokomori the Formicid Hunter began the quest for the
                  | Orb.
     0 | D:1      | Reached XP level 1. HP: 16/16 MP: 1/1
    35 | D:1      | Found Heeq's Assorted Antiques.
    58 | D:1      | Reached XP level 2. HP: 18/23 MP: 2/2
   474 | D:1      | Reached XP level 3. HP: 24/28 MP: 3/3
  1074 | D:2      | Found a runed translucent door.
  1075 | D:2      | Noticed Crazy Yiuf
  1733 | D:3      | Found a faded altar of an unknown god.
  1834 | D:3      | Reached XP level 4. HP: 21/35 MP: 4/4
  1910 | D:3      | Found a glowing drain.
  1910 | D:3      | Noticed a centaur
  1925 | D:3      | Killed a centaur
  1926 | D:3      | Reached skill level 5 in Ranged Weapons
  1926 | D:3      | Reached XP level 5. HP: 6/42 MP: 5/5
  2091 | D:3      | Reached XP level 6. HP: 39/48 MP: 6/6
  2604 | D:4      | Noticed Natasha
  2627 | D:4      | Killed Natasha
  3079 | D:4      | Reached XP level 7. HP: 40/55 MP: 7/7
  3172 | D:4      | Noticed Blork the orc
  3172 | D:4      | Noticed Natasha
  3178 | D:4      | Killed Natasha
  3179 | D:4      | Reached skill level 5 in Fighting
  3181 | D:4      | HP: 1/50 [Blork the orc/+1 flail of draining (6)]
  3181 | D:4      | Slain by Blork the orc

Illustrated notes

Levels and vault maps discovered:
D:1:      dpeg_arrival_renting, layout_loops_ring, serial_shops, shop,
          nicolae_figureground_sparkle
D:2:      layout_loops_ring, grunt_ministairs_14, kennysheep_generic_room_4,
          uniq_crazy_yiuf_cottage
D:3:      layout_rooms, gup_sewer_entry_glass, shapermc_ecumenical_altar_ellora,
          nicolae_titane
D:4:      layout_basic, biasface_ghost_orc_armoury, uniq_natasha,
          uniq_blork_the_orc

Skill      XL: |  1  2  3  4  5  6  7 |
---------------+----------------------+-----
Dodging        | 2 3 |  3.5
Fighting       | 3 4 5 |  5.0
Ranged Weapons | 5 |  5.7
Stealth        | |  1.2

Action                     |  1- 3 |  4- 6 |  7- 9 || total
---------------------------+-------+-------+-------++-------
   Fire: Shortbow          |    98 |   129 |     8 ||   235
Ability: Dig               |     2 |     4 |       ||     6
    Use: Scroll            |     4 |       |     1 ||     5
         Potion            |     1 |       |     1 ||     2
 Armour: Leather armour    |    11 |    14 |       ||    25
  Dodge: Dodged            |    29 |    57 |     3 ||    89

Table legend: (Time is in decaauts)
 A = Elapsed time spent in this place.
 B = Non-inter-level travel time spent in this place.
 C = Inter-level travel time spent in this place.
 D = Time resting spent in this place.
 E = Time spent auto-exploring this place.
 F = Levels seen in this place.
 G = Mean time per level.
                   A        B        C        D        E       F      G
               +--------+--------+--------+--------+--------+-----+--------+
         Total |   3247 |   3077 |    170 |     50 |   2555 |   4 |  811.8 |
       Dungeon |   3247 |   3077 |    170 |     50 |   2555 |   4 |  811.8 |
               +--------+--------+--------+--------+--------+-----+--------+

Top non-repeatable levels by time:
     D:1: 964 daAuts
     D:3: 879 daAuts
     D:2: 722 daAuts
     D:4: 681 daAuts
